 Dungeon Crawl Stone Soup version 0.30.0-10-gfe55d96785 (webtiles) character file.

Game seed: 14113945313156816449

79 monsoonserge the Covered (level 4, -6/40 HPs)
             Began as a Meteoran Fighter on May 15, 2023.
             Killed from afar by Sigmund (7 damage)
             ... with a magic dart
             ... on level 3 of the Dungeon on May 16, 2023.
             The game lasted 00:05:26 (859 turns).

monsoonserge the Covered (Meteoran Fighter)          Turns: 859, Time: 00:05:26

Health: -6/40      AC: 10    Str: 19    XL:     4   Next: 94%
Magic:  5/5        EV:  6    Int: 10    God:
Gold:   145        SH:  9    Dex: 13    Spells: 3/3 levels left

rFire   . . .        a - +0 flail
rCold   . . .        g - +0 kite shield
rNeg    + . .        p - +0 chain mail
rPois   .            n - +0 helmet
rElec   .            (no cloak)
rCorr   .            (no gloves)
SInv    +            (no boots)
Will    .....        (no amulet) Stlth
                     f - ring of see invisible
HPRegen 0.26/turn    j - ring of positive energy
MPRegen 0.09/turn

%: no passive effects
@: glowing
A: sense surroundings 1, otherworldly, glowing, explore regen
a: no special abilities


You were on level 3 of the Dungeon.
You visited 1 branch of the dungeon, and saw 3 of its levels.

You collected 145 gold pieces.

Inventory:

Hand Weapons
 a - a +0 flail (weapon)
Armour
 b - a +0 scale mail
 c - a +0 buckler
 g - a +0 kite shield (worn)
 n - a +0 helmet (worn)
 p - a +0 chain mail (worn)
Jewellery
 f - a ring of see invisible (left hand)
 j - a ring of positive energy (right hand)
Wands
 o - a wand of flame (3)
Scrolls
 e - a scroll of fear {unknown}
 h - 3 scrolls of identify {unknown}
Potions
 d - 2 potions of might
 i - a potion of invisibility {unknown}
 k - a potion of brilliance {unknown}
 l - 2 potions of flight {unknown}
 m - a potion of lignification {unknown}


   Skills:
 + Level 4.1 Fighting
 + Level 3.7 Maces & Flails
 + Level 4.5 Armour
 + Level 0.4 Dodging
 - Level 4.0 Shields


You had 3 spell levels left.
You didn't know any spells.
Your spell library was empty.

Dungeon Overview and Level Annotations

Branches:
Dungeon (3/15) Zot: 890

Altars:

Annotations:
D:3 Sigmund


Innate Abilities, Weirdness & Mutations

You passively map a small area around you.
You are easily found by Zot.
You glow in the dark.
You regain HP and MP as you explore.


Message History

Sigmund is heavily wounded.
Sigmund hits you with a +0 scythe!
You hit Sigmund but do no damage.
Sigmund is heavily wounded.
You hit Sigmund.
Sigmund is severely wounded.
Sigmund hits you but does no damage.
You closely miss Sigmund.
Sigmund is severely wounded.
Sigmund hits you with a +0 scythe.
* * * LOW HITPOINT WARNING * * *
You closely miss Sigmund.
Sigmund is severely wounded.
Sigmund hits you with a +0 scythe!
* * * LOW HITPOINT WARNING * * *
You hit Sigmund but do no damage.
Sigmund is severely wounded.
Sigmund barely misses you.
You closely miss Sigmund.
Sigmund is severely wounded.
Sigmund hits you but does no damage.
You closely miss Sigmund.
Sigmund is severely wounded.
Sigmund screams, "You will never...
NEVER!!!"
You block Sigmund's attack.
You closely miss Sigmund.
Sigmund is severely wounded.
You block Sigmund's attack.
You hit Sigmund but do no damage.
Sigmund is severely wounded.
Sigmund hits you but does no damage.
You hit Sigmund.
Sigmund is severely wounded.
Sigmund hits you with a +0 scythe.
* * * LOW HITPOINT WARNING * * *
You hit Sigmund.
Sigmund is severely wounded.
Sigmund casts a spell at you. The magic dart hits you!
You die...

####.#.......###.#.#########.#
.....#.......# #.#...........#
.#####.......# #.###########.#
..........>..# #.# #.#
.............# #.# #.#
........##.### #.# ###
........##.# ###'####### *
........##.# #.......... ,
........##.# #..@.......
........##.# #...@...... ,
........................
........##..............
........##.............. ,
........##..(.....###### *
..., , #........# ..,
..........# .# ***....


You could see Sigmund (invisible).

Vanquished Creatures
  Jessica (D:2)
  Robin (D:3)
  An adder (D:2)
  A bat (D:1)
  2 endoplasms (D:1)
  3 hobgoblins
  2 kobolds
  A quokka (D:1)
  9 ball pythons
  2 frilled lizards
  7 goblins
  3 rats
33 creatures vanquished.

Notes
Turn   | Place    | Note
-------+----------+-------------------------------------------
     0 | D:1      | monsoonserge the Meteoran Fighter began the quest for the
                  | Orb.
     0 | D:1      | Reached XP level 1. HP: 19/19 MP: 2/2
    74 | D:2      | Reached XP level 2. HP: 26/26 MP: 3/3
   138 | D:2      | Noticed Jessica
   150 | D:2      | Killed Jessica
   151 | D:2      | Reached XP level 3. HP: 30/33 MP: 4/4
   269 | D:1      | Reached XP level 4. HP: 35/40 MP: 5/5
   590 | D:3      | Noticed Robin
   606 | D:3      | Killed Robin
   831 | D:3      | Noticed Sigmund
   858 | D:3      | HP: 1/40 [Sigmund/+0 scythe (6)]
   859 | D:3      | Killed from afar by Sigmund

Illustrated notes

Levels and vault maps discovered:
D:1:      dpeg_arrival_short_road, layout_loops_ring
D:2:      wander_river, layout_rooms, uniq_crazy_yiuf_cottage, uniq_jessica
D:3:      layout_basic, uniq_robin, uniq_sigmund, uniq_ijyb

Skill      XL: |  1  2  3  4 |
---------------+-------------+-----
Maces & Flails | 3 |  3.7
Armour         | 4 |  4.5
Shields        | 4 |  4.0
Fighting       | 4 |  4.1
Dodging        | |  0.4

Action                     |  1- 3 |  4- 6 || total
---------------------------+-------+-------++-------
  Melee: Flail             |    47 |    71 ||   118
  Evoke: Wand              |       |     3 ||     3
 Armour: Scale mail        |    25 |    21 ||    46
         Chain mail        |       |     9 ||     9
  Dodge: Dodged            |    20 |    17 ||    37
  Block: Buckler           |     8 |       ||     8
         Kite shield       |    12 |    32 ||    44
